 Dungeon Sprint DCSS version 0.23.0-28-g6fe0f4d (webtiles) character file.

Game seed: 6130710191870278864

82020 nuthulu the Slayer (level 15, -3/118 HPs)
             Began as a Gargoyle Fighter on Feb 25, 2019.
             Was the Champion of Okawaru.
             Killed from afar by an air elemental (4 damage)
             ... with a tornado
             ... in the Dungeon (Sprint VII: "The Pits").
             The game lasted 00:22:00 (5464 turns).

nuthulu the Slayer (Gargoyle Fighter)               Turns: 5464, Time: 00:22:01

Health: -3/118     AC: 53    Str: 29    XL:     15   Next: 72%
Magic:  15/27      EV: 13    Int:  9    God:    Okawaru [******]
Gold:   31         SH: 16    Dex:  9    Spells: 14/14 levels left

rFire    + . .     SeeInvis +   h - +9 flail (crush)
rCold    + + .     Gourm    .   F - +2 shield {rC+}
rNeg     + . .     Faith    .   d - +2 gold dragon scales
rPois    ∞         Spirit   .   I - +1 helmet {SInv}
rElec    +         Reflect  .   b - +1 cloak
rCorr    .         Harm     .   w - +1 pair of gloves of the Hare {+Inv MR+}
MR       ++...     NoTele   +   J - +2 pair of boots {Fly}
Stlth    ..........             (no amulet)
HPRegen  0.29/turn              q - +3 ring of protection
MPRegen  0.20/turn              r - +3 ring of strength

@: flying
A: big wings, negative energy resistance 1, electricity resistance, unbreathing,
petrification resistance, rot immunity, AC +11
a: Stop Flying, Heroism, Finesse, Renounce Religion, Evoke Invisibility


You were in the Dungeon.
You worshipped Okawaru.
Okawaru was exalted by your worship.
You were not hungry.

You visited 1 branch You collected 31 gold pieces.

Inventory:

Hand Weapons
 a - a +0 flail
 h - a +9 flail of crushing (weapon)
 l - the +3 double sword of Tortfeasance {slice, *Slow +Fly rElec rC+++, unknown}
   (Okawaru gifted it to you in the Dungeon)

   It inflicts extra damage upon your enemies.
   It renders you almost immune to cold.
   It insulates you from electricity.
   It lets you fly.
   It may slow you when you take damage.
 y - the +2 morningstar of Responsibility {crush, *Contam rPois rC+ Str+3 Dex+2}
   (You found it in the Dungeon)

   It inflicts extra damage upon your enemies.
   It affects your strength (+3).
   It affects your dexterity (+2).
   It protects you from cold.
   It protects you from poison.
   It causes magical contamination when unequipped.
Armour
 b - a +1 cloak (worn)
 c - a +1 pair of gloves
 d - +2 gold dragon scales (worn)
 v - a +3 plate armour
 w - the +1 pair of gloves of the Hare (worn) {+Inv MR+}
   (You found it in the Dungeon)

   It affects your resistance to hostile enchantments.
   It lets you turn invisible.
 x - a +0 pair of gloves
 F - a +2 shield of cold resistance (worn)
 I - a +1 helmet of see invisible (worn)
 J - a +2 pair of boots of flying (worn)
Jewellery
 q - a +3 ring of protection (left hand)
 r - a +3 ring of strength (right hand)
 B - an uncursed ring of protection from cold
 H - a +2 ring of evasion
Scrolls
 k - a scroll of blinking
 n - 4 scrolls of remove curse
 o - 5 scrolls of amnesia
 p - a scroll of summoning
 C - a scroll of magic mapping
 D - a scroll of enchant weapon
 E - 2 scrolls of identify
 G - a scroll of fear
Potions
 e - 8 potions of curing
 g - 3 potions of heal wounds
 i - 4 potions of magic
 j - 4 potions of berserk rage
 m - a potion of invisibility
 s - a potion of might
 t - a potion of haste
 u - a potion of brilliance
 A - a potion of resistance
Comestibles
 f - 7 rations


   Skills:
 + Level 22.5 Fighting
 - Level 16.6 Maces & Flails
 + Level 22.5 Armour
 + Level 16.5 Dodging
 - Level 15.1 Shields
 - Level 16.1 Invocations


You had 14 spell levels left.
You didn't know any spells.
Your spell library was empty.

Dungeon Overview and Level Annotations

Branches:
Dungeon (1/1)

Altars:
Ashenzari
Cheibriados
Dithmenos
Elyvilon
Fedhas
Gozag
Hepliaklqana
Kikubaaqudgha
Makhleb
Nemelex Xobeh
Okawaru
Qazlal
Ru
Sif Muna
Trog
Uskayaw
Vehumet
Wu Jian
Xom
Yredelemnul
Zin
The Shining One
Beogh
Jiyva
Lugonu

Annotations:
D Saint Roka


Innate Abilities, Weirdness & Mutations

You are resistant to torment.
Your stone body is resilient. (AC +11)
You are immune to poison.
Your large and strong wings let you fly indefinitely.
You resist negative energy. (rN+)
You are resistant to electric shocks. (rElec)
You can survive without breathing.
You are immune to petrification.
You are immune to rotting.


Message History

You start resting.
An air elemental comes into view.
A vortex of raging winds appears around the air elemental!
You block the air elemental's attack. x2
Items here: ) [ †† a +0 spear; a +0 robe; a naga corpse; a harpy corpse You bludgeon the air elemental!!
The air elemental is severely damaged.
* * * LOW HITPOINT WARNING * * *
You block the air elemental's attack.
Saint Roka the Messiah comes into view.
He is wielding a +2 battleaxe and wearing a +1 plate armour of poison resistance.
You block the air elemental's attack.
You miss the air elemental.
The air elemental is severely damaged.
You are engulfed in raging winds.
The air elemental closely misses you.
Saint Roka calls down the wrath of Beogh upon you.
Beogh smites you!
* * * LOW HITPOINT WARNING * * *
You hear a shout!
You die...

,##**,,**,,****,,,,,,,,****,,**,,
**.,,,,,*,,,,,###*++*###.,,,,**,,
.,,e,**,*,,,,,,...,,o....,,,,***,
..##.,,,*,,,,,,,..##...,,,,,,* **
e....##,*,,,,,,,,o§§..,,,,,,,*
**.....,*,,,,,####§§####,,,,,*###
,***#..##,,####§§E§§...####,,*#..
,,,,*#..####.))§§§##......#####..
,,,,,##.)'...).§@§)§)).......''..
,,,,,,#..'.......()).........''..
******#########################..
********#######################).
,,,,,,,*#....................°)..
,,,,,,,*#...................)['..
,,,,,,,*#..################.)##..
,,,,,,,*#..##.#)#.#.#.#.#.#..##..
,,,,,,,*#..#.#.#[#.#)#.#)##..##..


You could see Saint Roka and an air elemental.

Vanquished Creatures
  A Killer Klown (D)
  A deep elf blademaster (D)
  2 sphinxes (D)
  Gastronok (D)
  2 shadow dragons (D)
  5 nagarajas (D)
  A fire giant (D)
  A deep elf sorcerer (D)
  2 orc warlords (D)
  A ghost moth (D)
  A spriggan defender (D)
  2 vampire knights (D)
  2 apis (D)
  2 green draconians (D)
  A lorocyproca (D)
  A black draconian (D)
  A purple draconian (D)
  A red draconian (D)
  2 green deaths (D)
  A death ooze (D)
  2 merfolk impalers (D)
  2 yaktaur captains (D)
  A fire dragon (D)
  A great orb of eyes (D)
  Erolcha (D)
  A hydra (D)
  3 naga warriors (D)
  A spriggan air mage (D)
  A catoblepas (D)
  A vault guard (D)
  A two-headed ogre (D)
  2 alligator snapping turtles (D)
  A dancing weapon (D)
  3 death knights (D)
  2 orc high priests (D)
  A vampire mage (D)
  2 deep elf knights (D)
  A fire crab (D)
  5 skeletal warriors (D)
  2 iron trolls (D)
  A shadow wraith (D)
  An unseen horror (shapeshifter) (D)
  11 orc knights (D)
  A phantasmal warrior (D)
  2 harpies (D)
  2 necromancers (D)
  A deep elf mage (D)
  2 orc sorcerers (D)
  A manticore (D)
  A merfolk siren (D)
  A salamander (D)
  A rust devil (D)
  2 naga magi (D)
  An elephant (D)
  2 orange demons (D)
  A large abomination (D)
  2 rime drakes (D)
  6 yaktaurs (D)
  An efreet (D)
  A freezing wraith (D)
  A wandering mushroom (D)
  A wind drake (shapeshifter) (D)
  2 hornets (D)
  2 bog bodies (D)
  A polar bear (D)
  7 merfolk (D)
  3 blink frogs (D)
  5 dream sheep (D)
  2 hippogriffs (D)
  A spriggan (shapeshifter) (D)
  2 wraiths (D)
  2 redbacks (D)
  A spriggan (D)
  A tarantella (D)
  A basilisk (D)
  A chaos spawn (D)
  A steam dragon (D)
  2 vampire mosquitoes (D)
  A soldier ant (D)
  3 wargs (D)
  A naga (D)
  2 acid dragons (D)
  A floating eye (D)
  Duvessa (D)
  An ice beast (D)
  3 orc warriors (D)
  A necrophage (D)
  2 eyes of draining (D)
  A wolf (D)
  A centaur (D)
  An ogre (shapeshifter) (D)
  2 crocodiles (D)
  A gnoll sergeant (D)
  Dowan (D)
  5 killer bees (D)
  4 wights (D)
  A crimson imp (D)
  An orc priest (D)
  A hound (D)
  A hell rat (D)
  3 mummies (D)
  5 gnolls (D)
  A river rat (D)
  2 adder zombies (D)
  An adder simulacrum (D)
  A leopard gecko (D)
  12 orcs (D)
  4 bat skeletons (D)
  2 goblins (D)
  8 jackals (D)
  A kobold (D)
  3 ball pythons (D)
  3 bats (D)
  A frilled lizard (D)
  2 jackal simulacra (D)
  A leopard gecko skeleton (D)
228 creatures vanquished.

Vanquished Creatures (others)
  An ogre (D)
  An ufetubus (D)
  A bat skeleton (D)
3 creatures vanquished.

Grand Total: 231 creatures vanquished

Notes
Turn   | Place    | Note
-------+----------+-------------------------------------------
     0 | D        | nuthulu the Gargoyle Fighter began the quest for the Orb.
     0 | D        | Reached XP level 1. HP: 14/14 MP: 1/1
    70 | D        | Found a glowing golden altar of the Shining One.
    70 | D        | Found a glowing silver altar of Zin.
    70 | D        | Found a basalt altar of Yredelemnul.
    70 | D        | Found a shimmering altar of Xom.
    70 | D        | Found an ornate altar of the Wu Jian Council.
    70 | D        | Found a bloodstained altar of Trog.
    70 | D        | Found a deep blue altar of Sif Muna.
    70 | D        | Found a sacrificial altar of Ru.
    70 | D        | Found a stormy altar of Qazlal.
    70 | D        | Found an iron altar of Okawaru.
    70 | D        | Found a sparkling altar of Nemelex Xobeh.
    70 | D        | Found a burning altar of Makhleb.
    70 | D        | Found a viscous altar of Jiyva.
    70 | D        | Found a hazy altar of Hepliaklqana.
    70 | D        | Found an opulent altar of Gozag.
    70 | D        | Found a blossoming altar of Fedhas.
    70 | D        | Found a white marble altar of Elyvilon.
    70 | D        | Found a shadowy altar of Dithmenos.
    70 | D        | Found a snail-covered altar of Cheibriados.
    71 | D        | Found a radiant altar of Vehumet.
    71 | D        | Found a corrupted altar of Lugonu.
    71 | D        | Found a roughly hewn altar of Beogh.
    72 | D        | Found a hide-covered altar of Uskayaw.
    72 | D        | Found an ancient bone altar of Kikubaaqudgha.
    72 | D        | Found a shattered altar of Ashenzari.
    76 | D        | Became a worshipper of Warmaster Okawaru
    98 | D        | Reached XP level 2. HP: 15/19 MP: 2/2
   170 | D        | Reached skill level 5 in Shields
   238 | D        | Noticed a wight
   238 | D        | Noticed a wight
   239 | D        | Noticed a wight
   239 | D        | Noticed a wight
   265 | D        | Killed a wight
   265 | D        | Reached skill level 5 in Maces & Flails
   265 | D        | Reached XP level 3. HP: 18/23 MP: 3/3
   265 | D        | Reached XP level 4. HP: 22/28 MP: 4/4
   278 | D        | Reached * piety under Okawaru
   292 | D        | Reached XP level 5. HP: 22/32 MP: 5/5
   590 | D        | Reached skill level 1 in Invocations
   595 | D        | Reached XP level 6. HP: 23/37 MP: 3/8
   604 | D        | Reached skill level 10 in Shields
   771 | D        | Noticed a necrophage
   778 | D        | Killed a necrophage
   778 | D        | Reached ** piety under Okawaru
   778 | D        | Reached skill level 5 in Invocations
   791 | D        | Noticed an orange demon
   808 | D        | Killed an orange demon
   808 | D        | Reached *** piety under Okawaru
   808 | D        | Reached skill level 10 in Maces & Flails
   808 | D        | Reached XP level 7. HP: 35/41 MP: 8/12
   890 | D        | Reached XP level 8. HP: 46/46 MP: 12/14
   962 | D        | Got the +2 morningstar of Responsibility {crush, *Contam
                  | rPois rC+ Str+3 Dex+2}
  1029 | D        | Noticed a hornet
  1029 | D        | Noticed Erolcha
  1044 | D        | Killed Erolcha
  1044 | D        | Reached **** piety under Okawaru
  1048 | D        | Killed a hornet
  1048 | D        | Reached skill level 10 in Invocations
  1048 | D        | Reached XP level 9. HP: 51/51 MP: 13/16
  1127 | D        | Noticed Duvessa
  1127 | D        | Noticed Dowan
  1161 | D        | Killed Dowan
  1172 | D        | Killed Duvessa
  1178 | D        | Noticed Gastronok
  1194 | D        | Killed Gastronok
  1194 | D        | Reached ***** piety under Okawaru
  1194 | D        | Received a gift from Okawaru
  1194 | D        | Received a gift from Okawaru
  1194 | D        | Reached skill level 15 in Shields
  1194 | D        | Reached XP level 10. HP: 33/56 MP: 17/19
  1302 | D        | Noticed a merfolk siren
  1322 | D        | Killed a merfolk siren
  1325 | D        | Reached skill level 5 in Fighting
  1325 | D        | Reached skill level 5 in Armour
  1404 | D        | Killed a shadow wraith
  1646 | D        | Noticed a catoblepas
  1646 | D        | Noticed a naga mage
  1646 | D        | Noticed a naga mage
  1646 | D        | Noticed a salamander
  1649 | D        | Noticed an orc knight
  1668 | D        | Killed an orc knight
  1668 | D        | Reached XP level 11. HP: 57/67 MP: 21/21
  1674 | D        | Received a gift from Okawaru
  1676 | D        | Got a scorched double sword {god gift}
  1680 | D        | HP: 2/68 [salamander/+0 trident of distortion (12)]
  1694 | D        | Reached skill level 15 in Maces & Flails
  1709 | D        | Killed a catoblepas
  1711 | D        | Killed a salamander
  1903 | D        | Noticed a phantasmal warrior
  1903 | D        | Noticed a deep elf mage
  1903 | D        | Noticed a manticore
  1903 | D        | Noticed a two-headed ogre
  1929 | D        | Killed a phantasmal warrior
  1937 | D        | Killed a manticore
  1944 | D        | Reached skill level 15 in Invocations
  1953 | D        | Killed a two-headed ogre
  1953 | D        | Reached skill level 10 in Fighting
  1953 | D        | Reached skill level 10 in Armour
  1962 | D        | Killed a deep elf mage
  1962 | D        | Received a gift from Okawaru
  2585 | D        | Reached ****** piety under Okawaru
  2598 | D        | Noticed a necromancer
  2620 | D        | Killed a necromancer
  2620 | D        | Reached XP level 12. HP: 37/80 MP: 16/23
  2852 | D        | Noticed an orc high priest
  2881 | D        | Killed an orc high priest
  2881 | D        | Received a gift from Okawaru
  2884 | D        | Paralysed by an orc sorcerer for 3 turns
  3105 | D        | Noticed a black draconian
  3105 | D        | Noticed an orc warlord
  3105 | D        | Noticed an orc warlord
  3122 | D        | Reached skill level 1 in Dodging
  3130 | D        | Noticed a yaktaur captain
  3139 | D        | Killed a black draconian
  3171 | D        | HP: 4/82 [orc knight/cursed -2 war axe (30)]
  3189 | D        | Killed an orc warlord
  3212 | D        | Killed an orc warlord
  3212 | D        | Reached skill level 5 in Dodging
  3216 | D        | HP: 1/84 [orc knight/+0 halberd (22)]
  3224 | D        | Killed a yaktaur captain
  3228 | D        | Received a gift from Okawaru
  3236 | D        | Reached XP level 13. HP: 53/90 MP: 25/25
  3398 | D        | Noticed a yaktaur captain
  3532 | D        | Noticed a purple draconian
  3546 | D        | Reached skill level 15 in Fighting
  3546 | D        | Reached skill level 15 in Armour
  3555 | D        | Killed a purple draconian
  3588 | D        | Noticed a vault guard
  3592 | D        | Killed a vault guard
  3610 | D        | Killed a yaktaur captain
  3718 | D        | Noticed a fire dragon
  3730 | D        | Killed a fire dragon
  3954 | D        | Noticed a shadow dragon
  3954 | D        | Noticed a green death
  3954 | D        | Noticed a vampire knight
  3968 | D        | Killed a vampire knight
  3976 | D        | Reached skill level 10 in Dodging
  3978 | D        | Identified the +6 great mace "Pezeink" {freeze, rElec}
  3978 | D        | Noticed a fire giant
  3991 | D        | Killed a green death
  4006 | D        | Killed a fire giant
  4008 | D        | Killed a shadow dragon
  4008 | D        | Received a gift from Okawaru
  4172 | D        | Noticed a nagaraja
  4193 | D        | Gained mutation: Your large and strong wings let you fly
                  | indefinitely. [Gargoyle growth]
  4193 | D        | Reached XP level 14. HP: 69/102 MP: 24/26
  4234 | D        | Killed a nagaraja
  4257 | D        | Received a gift from Okawaru
  4259 | D        | Noticed an apis
  4280 | D        | Killed an apis
  4407 | D        | Got the +1 pair of gloves of the Hare {+Inv MR+}
  4434 | D        | Received a gift from Okawaru
  4626 | D        | Noticed a green draconian
  4641 | D        | Killed a green draconian
  4651 | D        | Noticed a nagaraja
  4675 | D        | Killed a nagaraja
  4706 | D        | Noticed a nagaraja
  4707 | D        | Noticed a sphinx
  4713 | D        | Killed a sphinx
  4722 | D        | Killed a nagaraja
  4925 | D        | Noticed an apis
  4925 | D        | Noticed a deep elf blademaster
  4949 | D        | Killed an apis
  4965 | D        | Noticed a red draconian
  4967 | D        | Paralysed by a floating eye for 4 turns
  4970 | D        | Noticed a shadow dragon
  4978 | D        | Noticed a Killer Klown
  4987 | D        | Paralysed by a floating eye for 4 turns
  4994 | D        | Paralysed by a floating eye for 4 turns
  5009 | D        | Killed a shadow dragon
  5014 | D        | Killed a red draconian
  5025 | D        | Killed a deep elf blademaster
  5025 | D        | Received a gift from Okawaru
  5025 | D        | Reached XP level 15. HP: 11/113 MP: 6/27
  5042 | D        | Killed a Killer Klown
  5267 | D        | Noticed a ghost moth
  5289 | D        | Received a gift from Okawaru
  5289 | D        | Reached skill level 15 in Dodging
  5293 | D        | Paralysed by a vampire knight for 7 turns
  5344 | D        | Killed a ghost moth
  5346 | D        | Noticed a sphinx
  5354 | D        | Noticed a nagaraja
  5363 | D        | Killed a sphinx
  5374 | D        | Killed a nagaraja
  5384 | D        | Received a gift from Okawaru
  5403 | D        | Noticed a deep elf sorcerer
  5413 | D        | Killed a deep elf sorcerer
  5440 | D        | Noticed a nagaraja
  5446 | D        | Killed a nagaraja
  5462 | D        | Noticed Saint Roka
  5463 | D        | HP: 1/118 [Saint Roka/divine providence (13)]
  5464 | D        | Killed from afar by an air elemental

Skill      XL: |  1  2  3  4  5  6  7  8  9 10 11 12 13 14 15 |
---------------+----------------------------------------------+-----
Shields        | 4 6 8 9 11 12 13 15 | 15.1
Maces & Flails | 3 5 7 8 10 12 13 14 16 | 16.6
Invocations    | 2 7 8 10 12 13 15 16 | 16.1
Fighting       | 7 11 14 17 20 22 | 22.5
Armour         | 7 11 14 17 20 22 | 22.5
Dodging        | 6 11 14 16 | 16.5

Action                   |  1- 3 |  4- 6 |  7- 9 | 10-12 | 13-15 || total
-------------------------+-------+-------+-------+-------+-------++-------
Melee: Flail             |    45 |    79 |    21 |   158 |   563 ||   866
       Morningstar       |       |       |    68 |   179 |       ||   247
Invok: Heroism           |       |     2 |     4 |     7 |     6 ||    19
       Finesse           |       |       |       |     7 |     6 ||    13
 Abil: Evoke Invisibilit |       |       |       |       |     1 ||     1
  Use: Potion            |     2 |     1 |       |    10 |     8 ||    21
       Scroll            |       |       |       |    10 |       ||    10
 Stab: Petrified         |       |       |       |     6 |       ||     6
       Invisible         |       |       |       |     8 |       ||     8
       Distracted        |       |       |       |       |     1 ||     1
  Eat: Chunk             |       |       |     1 |     2 |       ||     3
       Ration            |       |       |       |     2 |     2 ||     4
Armor: Scale mail        |    21 |     7 |       |       |       ||    28
       Chain mail        |       |    21 |     1 |       |       ||    22
       Plate armour      |       |       |    40 |   156 |    22 ||   218
       Gold dragon scale |       |       |       |       |   299 ||   299
Dodge: Dodged            |    15 |    11 |    26 |    66 |   163 ||   281
Block: Shield            |    27 |    44 |    66 |   226 |   348 ||   711
